 Dungeon Sprint DCSS version 0.27.1-4-g1640c2035a (webtiles) character file.

Game seed: 17948119338746171582

2120 boopmooplesden the Carver (level 9, -1/90 HPs)
             Began as a Minotaur Fighter on Nov 10, 2021.
             Slain by a flying skull (3 damage)
             ... in the Dungeon (Sprint II: "The Violet Keep of Menkaure").
             The game lasted 00:01:35 (434 turns).

boopmooplesden the Carver (Minotaur Fighter)         Turns: 434, Time: 00:01:35

Health: -1/90      AC:  9    Str: 24    XL:     9   Next: 8%
Magic:  8/8        EV: 10    Int:  5    God:
Gold:   729        SH: 12    Dex: 10    Spells: 8/8 levels left

rFire    . . .     SeeInvis .   a - +0 long sword
rCold    . . .     Faith    .   c - +0 kite shield
rNeg     . . .     Spirit   .   b - +0 scale mail
rPois    .         Reflect  .   (helmet restricted)
rElec    .         Harm     .   (no cloak)
rCorr    .         Rampage  .   (no gloves)
Will     .....     NoTele   +   (no boots)
Stlth    ..........             (no amulet)
HPRegen  0.25/turn              (no ring)
MPRegen  0.11/turn              (no ring)

@: on berserk cooldown, slowed, very slow
A: horns 2, retaliatory headbutt
a: no special abilities


You were in the Dungeon.
You visited 1 branch You collected 729 gold pieces.

Inventory:

Hand Weapons
 a - a +0 long sword (weapon)
Armour
 b - a +0 scale mail (worn)
 c - a +0 kite shield (worn)
Scrolls
 j - a scroll of blinking
Potions
 h - 2 potions of magic


   Skills:
 + Level 12.3 Fighting
 + Level 12.9 Long Blades
 + Level 12.4 Armour
 + Level 3.9 Dodging
 + Level 0.3 Stealth
 + Level 11.5 Shields


You had 8 spell levels left.
You didn't know any spells.
Your spell library was empty.

Dungeon Overview and Level Annotations

Branches:
Dungeon (1/1)

Altars:

Shops:
D *=[=!:!=!!


Innate Abilities, Weirdness & Mutations

You have a pair of horns on your head.
You reflexively headbutt those who attack you in melee.


Message History

You are exhausted.
You feel yourself slow down. The flying skull misses you.
There is an open door here.
Things that are here:
a necrophage corpse; a necrophage corpse You barely miss the flying skull.
The flying skull hits you but does no damage.
You block the flying skull's attack.
You hit the flying skull. Your headbutt misses the flying skull.
The flying skull is moderately damaged.
The flying skull closely misses you. You block the flying skull's attack.
You hit the flying skull but do no damage.
You headbutt the flying skull, but do no damage.
The flying skull is moderately damaged.
The flying skull barely misses you.
You riposte.
You slash the flying skull!
The flying skull is almost destroyed.
The flying skull hits you but does no damage.
You hit the flying skull but do no damage.
The flying skull is almost destroyed.
You block the flying skull's attack. The flying skull hits you.
* * * LOW HITPOINT WARNING * * *
You miss the flying skull.
The flying skull is severely damaged.
The flying skull closely misses you. x2; You furiously retaliate!
You headbutt the flying skull, but do no damage.
You barely miss the flying skull.
The flying skull is severely damaged.
The flying skull hits you.
* * * LOW HITPOINT WARNING * * *
The flying skull hits you.
* * * LOW HITPOINT WARNING * * *
You barely miss the flying skull.
The flying skull is severely damaged.
The flying skull completely misses you.
You riposte.
You miss the flying skull.
The flying skull is severely damaged.
You block the flying skull's attack.
You closely miss the flying skull.
The flying skull is severely damaged.
The flying skull hits you.
You die...

°§.○○°°§° ≈##°°○°≈z.
########≈≈#°'z#''
#######≈≈≈..○zz.
......#≈≈≈≈z##'##
..⌠...#≈≈≈z##...##
.∩.∩..#≈≈≈≈#..#..#
..∩.∩.#≈≈####z#.####
.∩.∩.∩#≈##.###@###.#
∩...∩.#≈#..†##.##..##
.....∩+≈'.##'.<.'##.+
......#≈###.##.##..##
▓▓▓▓###≈##.# #+###.#
H######≈≈## ### $ ##≈
+


You could see a flying skull.

Vanquished Creatures
  9 flying skulls (D)
  Menkaure (D)
  4 necrophages (D)
  4 scorpions (D)
  3 worms (D)
21 creatures vanquished.

Vanquished Creatures (others)
  2 water moccasins (D)
2 creatures vanquished.

Grand Total: 23 creatures vanquished

Notes
Turn   | Place    | Note
-------+----------+-------------------------------------------
     0 | D        | boopmooplesden the Minotaur Fighter began the quest for the
                  | Orb.
     0 | D        | Reached XP level 1. HP: 19/19 MP: 0/0
     1 | D        | Noticed a scorpion
     1 | D        | Noticed a scorpion
     1 | D        | Noticed a scorpion
     1 | D        | Noticed a scorpion
     6 | D        | Killed a scorpion
     7 | D        | Reached skill level 5 in Shields
     7 | D        | Reached XP level 2. HP: 16/30 MP: 1/1
     7 | D        | Reached XP level 3. HP: 20/37 MP: 2/2
    15 | D        | Killed a scorpion
    16 | D        | Reached XP level 4. HP: 20/47 MP: 3/3
    20 | D        | Killed a scorpion
    21 | D        | Reached skill level 1 in Dodging
    21 | D        | Reached XP level 5. HP: 25/53 MP: 4/4
    25 | D        | Reached skill level 5 in Long Blades
    81 | D        | Killed a water moccasin
   111 | D        | Killed a water moccasin
   280 | D        | Noticed a necrophage
   280 | D        | Noticed a necrophage
   280 | D        | Noticed a necrophage
   280 | D        | Noticed a necrophage
   287 | D        | Killed a necrophage
   288 | D        | Reached XP level 6. HP: 62/63 MP: 5/5
   294 | D        | Reached skill level 10 in Armour
   303 | D        | Reached skill level 10 in Fighting
   303 | D        | Reached skill level 10 in Shields
   303 | D        | Reached XP level 7. HP: 67/72 MP: 6/6
   317 | D        | Found Yfuc's Jewellery Shoppe.
   317 | D        | Found Poifuf's Distillery.
   317 | D        | Found Uffisit's Book Emporium.
   317 | D        | Found Soate's Distillery.
   317 | D        | Found Puohy's Jewellery Shoppe.
   317 | D        | Found Mufites's Distillery.
   324 | D        | Found Hilellar's Antique Armour Shoppe.
   324 | D        | Found Esuid's Jewellery Emporium.
   325 | D        | Found Onoir's Assorted Antiques.
   325 | D        | Found Piebafy's Distillery.
   325 | D        | Noticed a manticore
   326 | D        | Noticed a flying skull
   326 | D        | Noticed a flying skull
   326 | D        | Noticed a flying skull
   332 | D        | Noticed Menkaure
   342 | D        | Killed a flying skull
   344 | D        | Killed a flying skull
   349 | D        | Killed Menkaure
   367 | D        | Killed a flying skull
   368 | D        | Reached skill level 10 in Long Blades
   368 | D        | Reached XP level 8. HP: 41/82 MP: 7/7
   377 | D        | Noticed a flying skull
   377 | D        | Noticed a flying skull
   377 | D        | Noticed a flying skull
   377 | D        | Noticed a flying skull
   377 | D        | Noticed a flying skull
   377 | D        | Noticed a flying skull
   379 | D        | Noticed a flying skull
   391 | D        | Killed a flying skull
   394 | D        | Killed a flying skull
   395 | D        | Noticed a flying skull
   410 | D        | Killed a flying skull
   413 | D        | Killed a flying skull
   417 | D        | Killed a flying skull
   418 | D        | Reached XP level 9. HP: 11/90 MP: 8/8
   432 | D        | HP: 1/90 [flying skull (5)]
   434 | D        | Slain by a flying skull

Illustrated notes

Levels and vault maps discovered:
D:        the_violet_keep_of_menkaure [sprint2_stairs_cluster_1,
          sprint2_shoproom, sprint2_temple, sprint2_basic_supplies,
          sprint2_obstacle_3, sprint2_obstacle_7, sprint2_obstacle_1,
          sprint2_obstacle_4, sprint2_obstacle_2, sprint2_timed_cluster_1,
          sprint2_smallroom_cluster_1, sprint2_smallroom_final_cluster_1,
          sprint2_transparent_cluster_1, sprint2_second_timed_cluster_1,
          sprint2_sniper_area_1, sprint2_heavy_combat_area_1,
          sprint2_mutation_trap_area_1, sprint2_forest_area_1,
          sprint2_light_combat_area_1, sprint2_behind_water_1,
          sprint2_near_end_vault_1]

Skill      XL: |  1  2  3  4  5  6  7  8 |
---------------+-------------------------+-----
Fighting       | 6 7 8 9 10 11 12 | 12.3
Long Blades    | 3 4 6 7 10 12 | 12.9
Armour         | 6 7 8 9 10 11 12 | 12.4
Shields        | 5 6 7 8 10 11 | 11.5
Dodging        | 1 2 3 |  3.9
Stealth        | |  0.3

Action                   |  1- 3 |  4- 6 |  7- 9 || total
-------------------------+-------+-------+-------++-------
Melee: Long sword        |    13 |    27 |    88 ||   128
       Headbutt          |       |     5 |    10 ||    15
  Use: Potion            |     1 |     1 |     3 ||     5
Armor: Scale mail        |     3 |     7 |    19 ||    29
Dodge: Dodged            |     7 |     8 |    28 ||    43
Block: Kite shield       |     6 |    13 |    32 ||    51
       Rpst.: Long sword |     2 |     1 |     8 ||    11
